 Seeded DCSS version 0.31.0-12-g77e489cdc1 (webtiles) character file.

Game seed: 2665529934044378202 (custom seed)

402 CInkIbrahim the Spear-Bearer (level 6, -2/47 HPs)
             Began as a Merfolk Fighter on Feb 27, 2024.
             Slain by an orc
             ... wielding a +0 flail
              (7 damage)
             ... on level 4 of the Dungeon.
             The game lasted 00:04:15 (3048 turns).

CInkIbrahim the Spear-Bearer (Merfolk Fighter)      Turns: 3048, Time: 00:04:15

Health: -2/47      AC:  7    Str: 18 (19) XL:     6   Next: 85%
Magic:  6/6        EV:  9    Int:  7      God:
Gold:   170        SH:  6    Dex: 12 (13) Spells: 5/5 levels left

rFire   . . .        a - +0 trident
rCold   . . .        t - +2 buckler
rNeg    + . .        b - +0 scale mail
rPois   .            v - +1 hat
rElec   .            (no cloak)
rCorr   .            (no gloves)
SInv    .            (no boots)
Will    .....        (no amulet) Stlth
                     i - ring of positive energy
HPRegen 0.27/turn    (no ring)
MPRegen 0.10/turn

%: no passive effects
@: no status effects
A: (nimble swimmer 2), mertail
a: no special abilities


You were on level 4 of the Dungeon.
You visited 1 branch of the dungeon, and saw 4 of its levels.

You collected 170 gold pieces.

Inventory:

Hand Weapons
 a - a +0 trident (weapon)
 d - a +1 dagger of draining
Missiles
 l - 14 poisoned darts (quivered)
Armour
 b - a +0 scale mail (worn)
 c - a +0 buckler
 g - the +0 leather armour of the Tuna {Rampage rN+++ MP+9 Stlth-}
   (You found it on level 2 of the Dungeon)

   rN+++:     It renders you almost immune to negative energy.
   MP+9:      It affects your magic capacity (+9).
   Rampage:   It bestows one free step when moving towards enemies.
   Stlth-:    It makes you less stealthy.
 h - a +0 helmet
 q - a +0 tower shield
 t - a +2 buckler (worn)
 v - a +1 hat (worn)
Jewellery
 i - a ring of positive energy (left hand)
Wands
 p - a wand of polymorph (2)
Scrolls
 e - a scroll of teleportation {unknown}
 j - a scroll of poison {unknown}
 n - a scroll of immolation {unknown}
 r - a scroll of butterflies {unknown}
Potions
 f - a potion of mutation {unknown}
 k - a potion of cancellation {unknown}
 o - a potion of lignification
 s - a potion of brilliance
 u - a potion of invisibility {unknown}


   Skills:
 - Level 3.2 Fighting
 + Level 9.3 Polearms
 - Level 2.1 Armour
 - Level 3.0 Shields


You had 5 spell levels left.
You didn't know any spells.
Your spell library contained the following spells:

 Spells                   Type           Power      Damage    Failure   Level
 Static Discharge         Conj/Air       0%         3-3/arc   96%         2
 Airstrike                Air            0%         2d(0-16)  100%        4
 Summon Lightning Spire   Summ/Air       0%         N/A       100%        4


Dungeon Overview and Level Annotations

Branches:
Dungeon (4/15)
 Temple: D:4-7

Altars:
Dithmenos
Fedhas
Sif Muna
Trog
Vehumet

Shops:
D:4 *


Innate Abilities, Weirdness & Mutations

((You are very nimble when in or above water. (Stealth+, EV+, Speed+++)))
Your lower body shifts to a powerful aquatic tail in water.


Message History

The orc priest is moderately wounded.
The orc priest hits you with a +4 mace of holy wrath.
You barely miss the orc priest.
The orc priest is moderately wounded.
You barely miss the orc priest.
The orc priest is moderately wounded.
The orc priest hits you with a +4 mace of holy wrath!
* * * LOW HITPOINT WARNING * * *
You hit the orc priest.
The orc priest is severely wounded.
The orc priest hits you with a +4 mace of holy wrath.
* * * LOW HITPOINT WARNING * * *
You hit the orc priest.
The orc priest is severely wounded.
The orc priest hits you but does no damage.
You hit the orc priest.
You kill the orc priest!
You barely miss the orc. The orc hits you but does no damage.
You barely miss the orc. The orc hits you but does no damage.
Unknown command.
You hit the orc.
The orc is lightly wounded.
The orc barely misses you.
You hit the orc.
The orc is almost dead.
The orc hits you but does no damage.
You hit the orc but do no damage.
The orc is almost dead.
You puncture the orc!
You kill the orc!
You closely miss the orc. The orc hits you with a +0 flail.
* * * LOW HITPOINT WARNING * * *
You hit the orc.
The orc is severely wounded.
The orc hits you with a +0 flail!
* * * LOW HITPOINT WARNING * * *
You hit the orc but do no damage.
The orc is severely wounded.
The orc hits you with a +0 flail!
You die...

#.[......).#
#..........#
#..........#
#..........#
#..........#
#..........#
#..........#
#..........#######.##.
###.##...>....@o......
#####.....##########.###
.......#.## ######
####.###.# #....## #.#
#.# #...... ####.# #.#
#....## .....# #.#
#....# ###..###.# .#
#....# #..†...## .#
#....##


You could see an orc.

Vanquished Creatures
  A phantom (D:4)
  A hound (D:4)
  2 orc priests (D:4)
  An orc wizard (D:3)
  Natasha (thrice) (D:2)
  Robin (D:2)
  2 adders
  A gnoll (D:1)
  2 dart slugs (D:3)
  6 orcs
  5 bats
  10 endoplasms
  5 giant cockroaches
  18 goblins
  5 hobgoblins
  4 jackals (D:4)
  3 quokkas (D:1)
  4 ball pythons
  5 frilled lizards
  6 kobolds
  4 rats
89 creatures vanquished.

Notes
Turn   | Place    | Note
-------+----------+-------------------------------------------
     0 | D:1      | CInkIbrahim the Merfolk Fighter began the quest for the
                  | Orb.
     0 | D:1      | Reached XP level 1. HP: 18/18 MP: 1/1
    16 | D:1      | Reached skill level 3 in Polearms
   104 | D:1      | Reached XP level 2. HP: 24/24 MP: 2/2
   237 | D:1      | Reached skill level 4 in Polearms
   250 | D:1      | You fall into a shaft and drop 1 floor!
   266 | D:2      | Identified the +0 leather armour of the Tuna {Rampage rN+++
                  | MP+9 Stlth-}
   296 | D:2      | Noticed Robin
   310 | D:2      | Reached XP level 3. HP: 24/29 MP: 3/3
   318 | D:2      | Killed Robin
   319 | D:2      | Reached skill level 5 in Polearms
   427 | D:2      | Found a faded altar of an unknown god.
   467 | D:2      | Reached XP level 4. HP: 33/35 MP: 4/4
   473 | D:2      | Found a radiant altar of Vehumet.
   642 | D:1      | Reached skill level 6 in Polearms
  1038 | D:2      | Noticed Natasha
  1047 | D:2      | Killed Natasha
  1219 | D:2      | Noticed Natasha
  1234 | D:2      | Killed Natasha
  1235 | D:2      | Reached XP level 5. HP: 40/41 MP: 5/5
  1299 | D:2      | Reached skill level 7 in Polearms
  1386 | D:2      | Noticed Natasha
  1392 | D:2      | Killed Natasha
  2557 | D:3      | Reached skill level 8 in Polearms
  2637 | D:3      | Reached XP level 6. HP: 47/47 MP: 6/6
  2764 | D:4      | Found a shimmering blue altar of Sif Muna.
  2764 | D:4      | Found a blossoming altar of Fedhas.
  2766 | D:4      | Found a bloodstained altar of Trog.
  2766 | D:4      | Found a shadowy altar of Dithmenos.
  2849 | D:4      | Found Sofarali's CLEARANCE SALE!.
  3018 | D:4      | Reached skill level 9 in Polearms
  3048 | D:4      | Slain by an orc

Illustrated notes

Levels and vault maps discovered:
D:1:      matt_arrival_grand_opening, layout_loops_ring, serial_aquarium,
          aquarium_bridge_square [aquarium_subvault_bridge,
          aquarium_subvault_bridge, aquarium_subvault_wall,
          aquarium_subvault_bridge], aquarium_window_fake, aquarium_window_fake,
          aquarium_view_2f, aquarium_pool_side, minmay_pentomino_p4
D:2:      layout_rooms, hellmonk_ecumenical_altar_zigzags, basic_altar,
          uniq_robin, uniq_natasha
D:3:      layout_loops_corners, hangedman_decor_clover_reticule,
          wad_floor_pattern_2
D:4:      layout_rooms, mainiacjoe_overflow_alcove_3, nicolae_shop_clearance,
          uniq_ijyb

Skill      XL: |  1  2  3  4  5  6 |
---------------+-------------------+-----
Polearms       | 3 4 5 6 8 9 |  9.3
Fighting       | |  3.2
Armour         | |  2.1
Shields        | |  3.0

Action                     |  1- 3 |  4- 6 || total
---------------------------+-------+-------++-------
  Melee: Trident           |    82 |   184 ||   266
         Unarmed           |       |     9 ||     9
  Throw: Dart              |       |     6 ||     6
    Use: Potion            |     1 |     3 ||     4
         Scroll            |       |     3 ||     3
 Armour: Scale mail        |    46 |    68 ||   114
         Skin              |       |    10 ||    10
  Dodge: Dodged            |    27 |    50 ||    77
  Block: Buckler           |    17 |    27 ||    44
